 Dungeon Crawl Stone Soup version 0.17.0-26-gececa24 (console) character file.

136 gw the Poker (level 5, -2/41 HPs)
             Began as a Human Chaos Knight on Nov 19, 2015.
             Slain by a killer bee (3 damage)
             ... on level 3 of the Dungeon.
             The game lasted 00:02:11 (3047 turns).

gw the Poker (Human Chaos Knight)                   Turns: 3047, Time: 00:02:12

Health: -2/41      AC:  5    Str: 12    XL:     5   Next: 43%
Magic:  5/5        EV: 14    Int: 12    God:    Xom [.*....]
Gold:   126        SH:  0    Dex: 14    Spells: 0 memorised, 4 levels left

rFire  . . .     SeeInvis .     a - +0 spear (chaos)
rCold  . . .     Clarity  .     e - +0 ring mail
rNeg   . . .     SustAt   .     (no shield)
rPois  .         Gourm    .     (no helmet)
rElec  .         Spirit   .     (no cloak)
rCorr  .         Warding  .     (no gloves)
rMut   .         Stasis   .     (no boots)
MR     .....                    (no amulet)
Stlth  +.........               (no ring)
                                j - +4 ring of evasion

@: lethally poisoned (-2 -> -6), not resistant to hostile enchantments, very
unstealthy
A: mutation resistance 1
a: Renounce Religion


You were on level 3 of the Dungeon.
You worshipped Xom.
You were a plaything of Xom.
You were not hungry.

You visited 1 branch of the dungeon, and saw 3 of its levels.

You collected 126 gold pieces.

Inventory:

Hand Weapons
 a - a +0 spear of chaos (weapon)
 b - a +0 hunting sling
Missiles
 h - 18 sling bullets
 l - 7 stones (quivered)
Armour
 e - a +0 ring mail (worn)
Jewellery
 j - a +4 ring of evasion (left hand)
Scrolls
 d - a scroll of remove curse
 i - 4 scrolls of identify
Potions
 g - a potion of flight
Comestibles
 c - 5 bread rations
 f - a beef jerky


   Skills:
 + Level 3.6 Fighting
 * Level 4.3 Polearms
 + Level 0.8 Slings
 + Level 3.3 Armour
 - Level 1.0 Dodging


You had 4 spell levels left.
You didn't know any spells.

Dungeon Overview and Level Annotations

Branches:
Dungeon (3/15)

Altars:
Makhleb
Ru
The Shining One


Innate Abilities, Weirdness & Mutations

You are somewhat resistant to further mutation.


Message History

You barely miss the killer bee.
The killer bee is moderately wounded.
The killer bee closely misses you. The killer bee stings you.
You are lethally poisoned!
The killer bee poisons you!
Your quasit bites the killer bee.
Your quasit misses the killer bee.
Your quasit barely misses the killer bee.
The killer bee closely misses you.
The killer bee stings you but does no damage.
ATTACKING (-1,-1)
You hit the killer bee.
The killer bee changes into an iguana!
You feel sick.
The iguana changes into a river rat!
The killer bee misses you.
Your quasit barely misses the killer bee. x2
Your quasit claws the killer bee.
The killer bee closely misses you.
ATTACKING (-1,-1)
You hit the river rat.
The river rat is moving more slowly.
The river rat is heavily wounded.
You feel sick. The killer bee stings you.
You die... "I guess I need a new plaything now."

#. #........# #.#
#........#######
#..###........#.....##
y##...#########.......#
.(......####..........#
#.(hh.....###.....##
....##y###### ####### .
#ry## ##p5# ##55..#
###.... ... .. .


You could see 2 killer bees, a river rat shaped shifter (petrifying), 2 jackals,
2 friendly quasits and a friendly crimson imp.

Table legend:
 A = Turns spent in this place as a percentage of turns spent in the entire game.
 B = Non-inter-level travel turns spent in this place as a percentage of non-inter-level travel turns spent in the entire game.
 C = Inter-level travel turns spent in this place as a percentage of turns spent in this place.
 D = Turns resting spent in this place as a percentage of non-inter-level travel turns spent in this place.
 E = Turns spent auto-exploring this place as a percentage of non-inter-level travel turns spent in this place.
 F = Non-inter-level travel turns spent in this place divided by the number of levels of this place that you've seen.
                   A       B       C       D       E      F
               +-------+-------+-------+-------+-------+----------------------
         Total | 100.0 | 100.0 |   0.4 |   0.8 |   2.0 | 1499.3
       Dungeon | 100.0 | 100.0 |   0.4 |   0.8 |   2.0 | 1499.3
               +-------+-------+-------+-------+-------+----------------------

Table legend:
 A = Kills in this place as a percentage of kills in entire the game.
 B = Kills by you in this place as a percentage of kills by you in the entire game.
 C = Kills by friends in this place as a percentage of kills by friends in the entire game.
 D = Other kills in this place as a percentage of other kills in the entire game.
 E = Experience gained in this place as a percentage of experience gained in the entire game.
 F = Experience gained in this place divided by the number of levels of this place that you have seen.
                   A       B       C       D       E      F
               +-------+-------+-------+-------+-------+----------------------
         Total | 100.0 | 100.0 |  -nan |  -nan | 100.0 |  65.0
       Dungeon | 100.0 | 100.0 |  -nan |  -nan | 100.0 |  65.0
               +-------+-------+-------+-------+-------+----------------------

Vanquished Creatures
  An orc wizard (D:3)
  4 adders (D:2)
  4 worms
  5 giant geckos
  2 orcs (D:3)
  2 giant cockroaches (D:1)
  4 goblins
  3 hobgoblins
  4 jackals (D:1)
  A ball python (D:2)
  8 bats
  4 giant newts
  12 kobolds
  5 rats
59 creatures vanquished.

Notes
Turn   | Place    | Note
--------------------------------------------------------------
     0 | D:1      | gw the Human Chaos Knight began the quest for the Orb.
     0 | D:1      | Reached XP level 1. HP: 18/18 MP: 1/1
   185 | D:1      | Reached XP level 2. HP: 24/24 MP: 2/2
   700 | D:1      | Reached XP level 3. HP: 29/29 MP: 3/3
   827 | D:1      | XOM: silly message
   954 | D:1      | Gained mutation: You are surrounded by a mild repulsion field (EV +2). [potion of mutation]
   954 | D:1      | Lost mutation: You are surrounded by a mild repulsion field (EV +2). [potion of mutation]
   954 | D:1      | Gained mutation: You are somewhat resistant to further mutation. [potion of mutation]
  1136 | D:2      | Reached XP level 4. HP: 35/35 MP: 4/4
  1256 | D:2      | Found a sacrificial altar of Ru.
  1754 | D:2      | Found a burning altar of Makhleb.
  1755 | D:2      | Noticed a blizzard demon
  1793 | D:2      | Reached skill level 4 in Polearms
  1851 | D:2      | XOM: harmless Tloc miscast
  1890 | D:2      | Found a glowing golden altar of the Shining One.
  2038 | D:2      | XOM: summons 2 hostile demons
  2053 | D:2      | XOM: silly message
  2457 | D:2      | XOM: harmless Tloc miscast
  2615 | D:3      | Reached XP level 5. HP: 17/41 MP: 5/5
  3041 | D:3      | XOM: summons 3 friendly demons
  3046 | D:3      | HP: 2/41 [poisoned by a killer bee]
  3047 | D:3      | Slain by a killer bee

Action                   |  1- 3 |  4- 6 || total
-------------------------+-------+-------++-------
Melee: Spear             |   116 |   109 ||   225
 Fire: Hunting sling     |       |    51 ||    51
Throw: Stone             |     1 |       ||     1
  Use: Scroll            |     4 |     2 ||     6
       Potion            |     3 |     4 ||     7
 Stab: Sleeping          |     1 |       ||     1
       Paralysed         |     1 |     1 ||     2
       Confused          |     1 |       ||     1
  Eat: Chunk             |     1 |     6 ||     7

Vault maps used:
D:1:      tarquinn_simple_flora_water_b
D:2:      lemuel_doored_altar, lemuel_coloured_pillars_altar, first_bread,
          makhleb_altar_promises_db
D:3:      nicolae_tso_swordbearing_angel
